 Dungeon Crawl Stone Soup version 0.24.1-14-gf8d2b509d9 (webtiles) character file.

Game seed: 13016868481872291692, levelgen mode: deterministic

1711428 Bodigarde the Slayer (level 27, 264/264 HPs)
             Began as a Red Draconian Wanderer on May 25, 2020.
             Was a High Priest of Ashenzari.
             Escaped with the Orb
             ... and 3 runes on May 26, 2020!
             The game lasted 05:50:59 (68612 turns).

Bodigarde the Slayer (Red Draconian Wanderer)      Turns: 68612, Time: 05:51:00

Health: 264/264    AC: 24    Str: 22    XL:     27
Magic:  42/42      EV: 33    Int: 16    God:    Ashenzari [*****.]
Gold:   4484       SH: 30    Dex: 21    Spells: 34/56 levels left

rFire    + + +     SeeInvis +   a - +9 demon whip (vamp) (curse)
rCold    + + +     Gourm    +   H - +5 large shield (curse)
rNeg     . . .     Faith    .   (armour unavailable)
rPois    +         Spirit   .   b - +3 hat of Xelyi {SInv} (curse)
rElec    +         Reflect  .   P - +0 cloak "Xytotit" {rPois Int+4 Dex+2} (curse)
rCorr    +         Harm     .   y - +4 pair of gloves "Asehucvena" {rC+ rCorr Slay+3} (curse)
MR       +++..     Clarity  +   i - +1 pair of boots of Objectivity {*Drain rElec rC++ Stlth+} (curse)
Stlth    +.........             O - amulet of Heucae {Gourm rF+ Str+2} (curse)
HPRegen  0.54/turn              t - ring of protection from fire (curse)
MPRegen  0.28/turn              L - ring of protection from magic (curse)

@: no status effects
A: breathe fire, unfitting armour, cold resistance 2, fire resistance 1,
electricity resistance, cold-blooded, AC +13
0: Orb of Zot
}: 3/15 runes: barnacled, silver, gossamer
a: Breathe Fire, Curse Item, Scrying, Transfer Knowledge, Renounce Religion


You escaped.
You worshipped Ashenzari.
Ashenzari was extremely pleased with you.
You were very full.

You visited 9 branches of the dungeon, and saw 47 of its levels.
You also visited: Ossuary, Bailey and Gauntlet.

You collected 6060 gold pieces.
You spent 1576 gold pieces at shops.

Inventory:

Hand Weapons
 a - a cursed +9 vampiric demon whip (weapon)
Missiles
 c - 15 curare-tipped darts
 z - 152 boomerangs (quivered)
 K - 9 throwing nets
 Q - 52 silver javelins
Armour
 b - the cursed +3 hat of Xelyi (worn) {SInv}
   (You acquired it on level 13 of the Dungeon)

   It lets you see invisible.
   It has a curse placed upon it.
 i - the cursed +1 pair of boots of Objectivity (worn) {*Drain rElec rC++ Stlth+}
   (You found it on level 5 of the Lair of Beasts)

   It greatly protects you from cold.
   It insulates you from electricity.
   It causes draining when unequipped.
   It makes you more stealthy.
   It has a curse placed upon it.
 y - the cursed +4 pair of gloves "Asehucvena" (worn) {rC+ rCorr Slay+3}
   (You found it in a Gauntlet)

   It affects your accuracy and damage with ranged weapons and melee attacks
   (+3).
   It protects you from cold.
   It provides partial protection from all sources of acid and corrosion.
   It has a curse placed upon it.
 H - a cursed +5 large shield (worn)
 P - the cursed +0 cloak "Xytotit" (worn) {rPois Int+4 Dex+2}
   (You found it on level 3 of the Lair of Beasts)

   It affects your intelligence (+4).
   It affects your dexterity (+2).
   It protects you from poison.
   It has a curse placed upon it.
Jewellery
 t - a cursed ring of protection from fire (left hand)
 L - a cursed ring of protection from magic (right hand)
 O - the cursed amulet of Heucae (around neck) {Gourm rF+ Str+2}
   (You acquired it on level 3 of the Realm of Zot)

   [amulet of the gourmand]

   It allows you to eat raw meat even when not hungry.
   It affects your strength (+2).
   It protects you from fire.
   It has a curse placed upon it.
Wands
 u - a wand of digging (15)
 B - a wand of paralysis (11)
 D - a wand of clouds (3)
 X - a wand of scattershot (5)
 Y - a wand of disintegration (77)
 Z - a wand of acid (21)
Scrolls
 e - 2 scrolls of silence
 g - 17 scrolls of teleportation
 h - 6 scrolls of fear
 k - 17 scrolls of remove curse
 m - 3 scrolls of immolation
 n - 7 scrolls of fog
 o - 2 scrolls of holy word
 p - 7 scrolls of magic mapping
 r - 19 scrolls of identify
 A - 5 scrolls of blinking
Potions
 d - 11 potions of mutation
 l - 12 potions of flight
 q - 3 potions of brilliance
 w - 2 potions of haste
 x - 24 potions of curing
 F - 7 potions of cancellation
 I - 4 potions of agility
 J - 6 potions of ambrosia
 M - 7 potions of invisibility
 N - 8 potions of magic
 R - 14 potions of heal wounds
 U - 2 potions of resistance
 W - a potion of berserk rage
Miscellaneous
 j - a fan of gales
 C - a phantom mirror
 G - a phial of floods
 T - a lightning rod (4/4)
 V - a lamp of fire
Comestibles
 f - 69 rations


   Skills:
 + Level 24.8 Fighting
 - Level 13.2(16.8) Maces & Flails
 - Level 1.0 Throwing
 + Level 20.9(23.9) Dodging
 + Level 22.4(24.2) Shields
 - Level 15.0 Spellcasting
 - Level 12.3(15.9) Charms
 - Level 2.5(5.7) Translocations
 - Level 2.5(5.7) Ice Magic
 - Level 12.3(15.9) Air Magic
 - Level 6.2(10.2) Evocations


You had 34 spell levels left.
You knew the following spells:

 Your Spells              Type           Power        Failure   Level  Hunger
a - Deflect Missiles      Chrm/Air       ######....   1%          6    ######.
b - Ozocubu's Armour      Chrm/Ice       #####...     1%          3    None
c - Blink                 Tloc           N/A          1%          2    None
d - Ignition              Fire           ##........   100%        8    #######
e - Apportation           Tloc           ####..       1%          1    None
f - Swiftness             Chrm/Air       ######..     0%          2    None

Your spell library contained the following spells:

 Spells                   Type           Power        Failure   Level  Hunger
 Freeze                   Ice            ####         1%          1    None
 Poisonous Vapours        Pois/Air       #####.       1%          2    None
 Gell's Gravitas          Tloc           ####......   1%          3    None
 Lesser Beckoning         Tloc           ####......   1%          3    None
 Mephitic Cloud           Conj/Pois/Air  ####....     1%          3    None
 Ensorcelled Hibernation  Hex/Ice        ###...       2%          2    None
 Throw Frost              Conj/Ice       ###...       2%          2    None
 Confusing Touch          Hex            ##....       4%          1    None
 Corona                   Hex            ##.....      4%          1    None
 Flame Tongue             Conj/Fire      ##...        4%          1    None
 Magic Dart               Conj           ##..         4%          1    None
 Sandblast                Erth           ##....       4%          1    None
 Summon Butterflies       Summ           ##......     4%          1    None
 Portal Projectile        Hex/Tloc       ###...       4%          3    None
 Silence                  Hex/Air        #####.....   5%          5    ####...
 Call Imp                 Summ           ##......     7%          2    None
 Corpse Rot               Necr           N/A          7%          2    None
 Passwall                 Tmut/Erth      ##......     7%          2    None
 Searing Ray              Conj           ##....       7%          2    None
 Slow                     Hex            ##......     7%          2    None
 Sublimation of Blood     Necr           ##........   7%          2    None
 Throw Flame              Conj/Fire      ##....       7%          2    None
 Call Canine Familiar     Summ           ##......     14%         3    None
 Confuse                  Hex            ##......     14%         3    None
 Conjure Flame            Conj/Fire      ##......     14%         3    None
 Dazzling Spray           Conj/Hex       ##....       14%         3    None
 Ignite Poison            Fire/Tmut/Pois ##......     14%         3    None
 Inner Flame              Hex/Fire       ##......     14%         3    None
 Stone Arrow              Conj/Erth      ##....       14%         3    None
 Tukima's Dance           Hex            ##......     14%         3    None
 Force Lance              Conj/Tloc      ###.....     16%         4    #......
 Summon Ice Beast         Ice/Summ       ###.....     16%         4    #......
 Throw Icicle             Conj/Ice       ###.....     16%         4    #......
 Freezing Cloud           Conj/Ice/Air   #####.....   38%         6    ######.
 Cause Fear               Hex            ##........   41%         4    #......
 Fulminant Prism          Conj/Hex       ##........   41%         4    #......
 Iskenderun's Mystic Bla  Conj           ##......     41%         4    #......
 Leda's Liquefaction      Hex/Erth       ##........   41%         4    #......
 Petrify                  Tmut/Erth      ##......     41%         4    #......
 Sticky Flame             Conj/Fire      ##......     41%         4    #......
 Metabolic Englaciation   Hex/Ice        ###.......   41%         5    ####...
 Summon Forest            Summ/Tloc      ###.......   41%         5    ####...
 Alistair's Intoxication  Tmut/Pois      ##......     77%         5    ####...
 Fireball                 Conj/Fire      ##........   77%         5    ####...
 Irradiate                Conj/Tmut      ##........   77%         5    ####...
 Lee's Rapid Deconstruct  Erth           ##........   77%         5    ####...
 Summon Mana Viper        Hex/Summ       ##......     77%         5    ####...
 Yara's Violent Unravell  Hex/Tmut       ##........   77%         5    ####...
 Ring of Flames           Chrm/Fire      #####.....   86%         7    #######
 Darkness                 Hex            ##........   100%        6    ######.
 Hydra Form               Tmut           ##........   100%        6    ######.
 Invisibility             Hex            ##......     100%        6    ######.
 Iron Shot                Conj/Erth      ##........   100%        6    ######.
 Haunt                    Necr/Summ      ##........   100%        7    #######
 Summon Hydra             Summ           ##........   100%        7    #######
 Borgnjor's Revivificati  Necr           ##........   100%        8    #######
 Death's Door             Chrm/Necr      #####.....   100%        8    #######
 Discord                  Hex            ##........   100%        8    #######
 Infestation              Necr           ##........   100%        8    #######
 Necromutation            Tmut/Necr      ##........   100%        8    #######
 Passage of Golubria      Tloc           Unusable     N/A         4    N/A

Dungeon Overview and Level Annotations

Branches:
Dungeon (15/15)            Temple (1/1) D:5            Lair (6/6) D:9
 Shoals (4/4) Lair:3       Spider (4/4) Lair:4        Slime (0/5) Lair:6
    Orc (2/2) D:10            Elf (0/3) Orc:2        Vaults (5/5) D:13
  Crypt (0/3) Vaults:3     Depths (5/5) D:15            Zot (5/5) Depths:5
Ossuary (visited)          Bailey (visited)         Gauntlet (visited)

Altars:
Ashenzari
Cheibriados
Dithmenos
Elyvilon
Fedhas
Gozag
Hepliaklqana
Kikubaaqudgha
Makhleb
Nemelex Xobeh
Okawaru
Qazlal
Ru
Sif Muna
Trog
Uskayaw
Vehumet
Wu Jian
Xom
Yredelemnul
Zin
The Shining One
Beogh
Lugonu

Shops:
D:4 !?   D:12 *   D:14 %   Orc:2 [?}?   Shoals:1 (   Shoals:4 !   Vaults:1 !
Vaults:2 [=   Vaults:5 [   Zot:2 *   Depths:2 *   Depths:5 [}:*

Portals:
Hell: Depths:1 Depths:2 Depths:3 Depths:4 Depths:5
Abyss: Depths:2 Depths:4
Pandemonium: Orc:2 Depths:1 Depths:3
Ziggurat: Depths:3

Annotations:
D:9 3 runed translucent doors, RaHiT's ghost, novice DrIE
Shoals:3 1 runed translucent door, Ewnyabem's ghost, adept DrWn
Zot:1 2 transporters, Kaateo's ghost, legendary MiAE
Zot:2 3 runed translucent doors, exclusion: obsidian statue, Heom's ghost, legendary GnFi


Innate Abilities, Weirdness & Mutations

You can breathe blasts of fire.
Your fiery red scales are hard. (AC +13)
You cannot fit into any form of body armour.
Your flesh is heat resistant. (rF+)
You are cold-blooded and may be slowed by cold attacks.
Your flesh is very cold resistant. (rC++)
You are resistant to electric shocks. (rElec)


Message History

You whack the toenail golem!
You tail-slap the toenail golem, but do no damage.
The toenail golem is moderately damaged.
You block the toenail golem's attack. 2 monstrous demonspawn come into view.
You block the toenail golem's attack. You block the toenail golem's attack.
The toenail golem completely misses you.
Evoke which item? (* to show all) (? for menu, Esc to quit)
Aiming: Dig
Press: ? - help, Shift-Dir - straight line A rock wall.
This square is covered in magical glow.
The rock shatters into small pieces.
You block the toenail golem's attack. You block the toenail golem's attack.
Your astral sight fades away.
There is a staircase leading out of the dungeon here.
You see here a +2 dagger.
The toenail golem completely misses you.
You have escaped!

#..##.......####.####.......##..#
..##.....####..#....####.....##..
###....###.....#.......###....###
##....##.....#.#####.....##....##
##...##....###.#...###....##...##
#....#....##...#.....##....+....#
#...##...##...##.##...##...##...#
#...#....#..)##...##...#....#...#
#...#....#...##.@.##...#....#...#
#...#....#...##..8##...#....#...#
#...##...##...##+..........##...#
#....#....##.........##....#....#
##...##....###.....###...)##...##
.#....##.....#######.....##....#.
.##....###.............###....##.
..##.....####.......####.....##..
...##.......#########.......##..#


You could see a toenail golem.

Vanquished Creatures
  3 ancient liches (Zot:5)
  5 orbs of fire (Zot:5)
  Bai Suzhen (Vaults:3)
  7 Killer Klowns (Zot:5)
  Margery (Vaults:3)
  Frederick (Depths:5)
  2 curse toes (Zot:4)
  12 golden dragons
  A lich (Depths:4)
  4 electric golems
  15 tentacled monstrosities
  Jorgrun (Orc:2)
  26 Orb Guardians
  4 titans
  3 quicksilver dragons
  4 sphinxes
  4 death cobs
  An Executioner (Depths:3)
  7 tengu reavers
  14 shadow dragons
  17 storm dragons
  Donald (Vaults:2)
  3 draconian monks
  2 azure jellies (shapeshifter) (Depths:3)
  A deep elf sorcerer (Depths:2)
  4 draconian knights
  An orc warlord (D:10)
  5 fire giants
  6 draconian scorchers
  8 emperor scorpions
  A ghost moth (shapeshifter) (Depths:3)
  A balrug (Gauntlet)
  8 frost giants
  6 ghost moths
  4 draconian stormcallers
  2 iron dragons (Vaults:5)
  19 vault wardens
  The ghost of beardedkeet the Peltast, a journeyman DDFi of Trog (Lair:5)
  5 draconian shifters
  7 war gargoyles
  15 stone giants
  10 ironheart preservers
  5 draconian annihilators
  A juggernaut skeleton (Depths:4)
  29 very ugly things
  A vampire knight (Depths:4)
  7 entropy weavers
  10 green draconians
  11 white draconians
  3 deep elf annihilators
  2 large abominations (Vaults:5)
  8 yellow draconians
  Azrael (Spider:1)
  7 spark wasps
  A minotaur (Gauntlet)
  10 black draconians
  15 purple draconians
  12 red draconians
  3 ettins
  9 fire dragons
  4 merfolk javelineers
  A small abomination (Vaults:5)
  A blizzard demon (Depths:3)
  2 deep elf death magi
  12 crystal guardians
  10 merfolk impalers
  8 ice dragons
  3 deep elf high priests (Vaults:5)
  12 great orbs of eyes
  20 yaktaur captains
  6 hydras
  Erolcha (D:9)
  2 rakshasas
  47 vault guards
  Fannar (Lair:1)
  2 death knights
  14 centaur warriors
  2 spriggan air magi
  40 two-headed ogres
  4 merfolk avatars
  An alligator (shapeshifter) (Depths:3)
  An alligator snapping turtle (Shoals:4)
  A tengu warrior (Depths:1)
  2 satyrs
  A two-headed ogre (shapeshifter) (Depths:3)
  11 dancing weapons (Depths:3)
  A hell hog (Depths:1)
  An alligator (Lair:5)
  4 merfolk aquamancers
  14 ogre magi
  A queen ant (Spider:2)
  A deep troll shaman (Depths:2)
  3 deep troll earth magi
  3 spriggan berserkers (Depths:5)
  5 orc high priests (Orc:2)
  Urug (Orc:2)
  A titan zombie (Depths:4)
  A shock serpent (Depths:3)
  A sun demon (Orc:2)
  2 iron golems (Depths:3)
  18 hell knights
  Sonja (Lair:1)
  2 deep elf knights
  An iron troll (Depths:2)
  2 sixfirhies
  5 shadow wraiths
  2 skeletal warriors
  An iron troll (shapeshifter) (Depths:3)
  11 glowing orange brains
  A sea snake (shapeshifter) (Depths:5)
  13 sea snakes
  A deep troll (Depths:2)
  A swamp dragon (Lair:6)
  6 deep elf archers
  A flayed ghost (Vaults:5)
  An unseen horror (shapeshifter) (Vaults:4)
  An infernal demonspawn (Orc:2)
  2 gelid demonspawn
  2 unseen horrors (D:13)
  2 torturous demonspawn (Orc:2)
  4 wizards
  An orange crystal statue (Zot:5)
  3 phantasmal warriors (Vaults:5)
  3 obsidian statues (Depths:3)
  19 ironbrand convokers
  8 necromancers
  4 harpies (shapeshifter)
  30 harpies
  19 orb spiders
  8 cyclopes
  A mana viper (shapeshifter) (Depths:3)
  A sphinx zombie (Vaults:2)
  12 orc knights
  25 wolf spiders
  7 orc sorcerers
  9 deep elf magi
  12 fauns
  3 oklob plants (Lair:1)
  9 manticores
  14 elephants
  A manticore (shapeshifter) (Depths:3)
  A salamander (Depths:4)
  An elephant (shapeshifter) (Vaults:4)
  81 ugly things
  7 merfolk sirens
  30 moths of wrath
  A black mamba (shapeshifter) (Depths:3)
  5 water nymphs
  A guardian serpent (Lair:6)
  3 torpor snails (shapeshifter)
  A rust devil (Depths:3)
  Maurice (D:9)
  A molten gargoyle (Depths:3)
  5 gargoyles
  4 centaur zombies
  A smoke demon (D:14)
  A hellion (D:12)
  13 vault sentinels
  9 black mambas
  A minotaur zombie (Gauntlet)
  A yaktaur zombie (Vaults:3)
  4 rime drakes
  73 yaktaurs
  16 spiny frogs
  An efreet (Gauntlet)
  A human zombie (Vaults:3)
  7 kobold demonologists
  A rime drake (shapeshifter) (Vaults:4)
  2 tengu conjurers
  12 komodo dragons
  2 yaktaurs (shapeshifter)
  A hellwing (Orc:2)
  A komodo dragon (shapeshifter) (Depths:3)
  A tormentor (D:15)
  6 freezing wraiths
  8 trolls
  A spark wasp simulacrum (Depths:4)
  11 demonic crawlers
  A polar bear (Lair:6)
  14 jumping spiders
  A queen bee (shapeshifter) (Depths:5)
  A queen bee (Spider:1)
  11 wind drakes
  A harpy zombie (D:15)
  3 meliai (Spider:1)
  A wind drake (shapeshifter) (Vaults:3)
  Prince Ribbit (D:9)
  10 hornets
  A hornet (shapeshifter) (Depths:3)
  2 tengu simulacra
  41 merfolk
  11 slime creatures
  A sphinx simulacrum (Vaults:3)
  A hippogriff (shapeshifter) (Vaults:4)
  4 dream sheep
  7 hippogriffs
  2 fire giant simulacra
  13 blink frogs
  9 snapping turtles
  2 spriggans (Depths:5)
  7 air elementals (Depths:3)
  A shadow (D:14)
  33 tarantellas
  42 water elementals
  112 redbacks
  An elf zombie (Depths:4)
  2 wraiths
  4 basilisks
  12 wyverns
  38 yaks
  2 basilisks (shapeshifter)
  A fire bat (shapeshifter) (Vaults:5)
  17 fire elementals
  A yaktaur simulacrum (Vaults:1)
  2 steam dragons (Lair:6)
  A hungry ghost (D:12)
  4 vampire mosquitoes (D:14)
  A neqoxec (Orc:2)
  2 insubstantial wisps (Depths:3)
  A warg (shapeshifter) (Depths:2)
  3 wargs
  A soldier ant (shapeshifter) (Vaults:4)
  4 acid dragons
  20 soldier ants
  2 floating eyes (shapeshifter)
  16 hell hounds
  10 porcupines
  A swamp drake (Lair:6)
  37 orc warriors
  21 water moccasins
  A porcupine (shapeshifter) (D:15)
  A sky beast (D:15)
  A black bear (shapeshifter) (D:15)
  2 necrophages
  An ice beast (D:8)
  A black bear (D:10)
  12 boggarts
  28 ogres
  A hornet zombie (D:13)
  6 phantoms
  35 centaurs
  6 wolves (Lair:4)
  15 crocodiles
  18 bullfrogs
  8 big kobolds
  6 earth elementals
  3 glowing shapeshifter simulacra
  A wyvern skeleton (D:14)
  3 water moccasin zombies (Ossuary)
  7 scorpions
  A hornet simulacrum (D:14)
  9 jellies
  An elf simulacrum (Vaults:1)
  17 killer bees
  13 wights
  5 howler monkeys
  11 electric eels
  8 crimson imps
  10 hounds
  2 quasits
  26 orc priests
  2 human simulacra (Vaults:2)
  2 centaur skeletons
  Crazy Yiuf (D:2)
  2 bullfrog skeletons
  A gnoll shaman (D:4)
  Ijyb (D:3)
  Terence (D:2)
  7 iguanas
  21 orc wizards
  22 worker ants
  A killer bee zombie (D:5)
  4 big kobold zombies (Ossuary)
  A hound zombie (D:8)
  2 mummies (Ossuary)
  3 hound skeletons
  Robin (D:2)
  A worker ant zombie (D:5)
  28 gnolls
  12 adders
  2 shadow imps
  7 oozes
  8 adder zombies
  An adder skeleton (D:9)
  4 worms
  9 ball lightnings (Depths:3)
  2 dart slugs (D:2)
  5 leopard geckos
  78 orcs
  2 giant cockroaches (Lair:4)
  2 gnoll zombies (Ossuary)
  21 hobgoblins
  11 jackals
  3 quokkas
  A ball python (D:2)
  10 bats
  6 frilled lizards
  19 goblins
  5 hobgoblin zombies (Ossuary)
  20 kobolds
  4 kobold zombies (Ossuary)
  8 orc zombies (Ossuary)
  8 rats
  A bush (Depths:2)
  A butterfly (Lair:1)
  A crawling corpse (Vaults:5)
  A fungus (Lair:6)
  A plant (Depths:4)
2359 creatures vanquished.

Vanquished Creatures (collateral kills)
  An orc warrior (Orc:2)
1 creature vanquished.

Vanquished Creatures (others)
  A storm dragon (Zot:3)
  A shadow dragon (Vaults:5)
  A vault warden (Vaults:5)
  2 draconian knights
  2 very ugly things
  A hell hog (Depths:1)
  A deep elf knight (Vaults:3)
  A hell knight (Depths:5)
  2 yaktaurs
  A hornet (Vaults:5)
  A tarantella (Spider:3)
  2 water elementals (Depths:3)
  An orc warrior (Vaults:5)
  A boggart (D:14)
  An orc wizard (D:14)
  4 ball lightnings (Depths:3)
  A leopard gecko (D:4)
  A quokka (D:4)
  19 bushes (Depths:2)
  17 fungi
  59 plants
120 creatures vanquished.

Grand Total: 2480 creatures vanquished

Notes
Turn   | Place    | Note
-------+----------+-------------------------------------------
     0 | D:1      | Bodigarde the Draconian Wanderer began the quest for the
                  | Orb.
     0 | D:1      | Bodigarde set off with the following items: a +2 dagger, 4
                  | curare-tipped darts, a +0 hand crossbow, 29 bolts, a +0
                  | mace, a ration
     0 | D:1      | Reached XP level 1. HP: 23/23 MP: 1/1
   303 | D:1      | Reached XP level 2. HP: 29/29 MP: 2/2
   837 | D:1      | Reached skill level 1 in Dodging
   837 | D:1      | Reached XP level 3. HP: 37/37 MP: 3/3
  1040 | D:2      | Noticed Robin
  1199 | D:2      | Killed Robin
  1199 | D:2      | Reached XP level 4. HP: 37/44 MP: 4/4
  1390 | D:2      | Found a runed translucent door.
  1391 | D:2      | Noticed Crazy Yiuf
  1449 | D:2      | Noticed Terence
  1456 | D:2      | Killed Terence
  1456 | D:2      | Reached skill level 6 in Fighting
  1999 | D:3      | Found a shattered altar of Ashenzari.
  2008 | D:3      | Became a worshipper of Ashenzari the Shackled
  2177 | D:3      | Noticed Ijyb
  2215 | D:3      | Killed Ijyb
  2215 | D:3      | Reached XP level 5. HP: 35/50 MP: 5/5
  2786 | D:2      | Killed Crazy Yiuf
  3028 | D:3      | Found a hazy altar of Hepliaklqana.
  3144 | D:4      | Found an ancient bone altar of Kikubaaqudgha.
  3348 | D:4      | Found Ebby's Magic Scroll Boutique.
  3361 | D:4      | Reached skill level 5 in Maces & Flails
  3509 | D:4      | Bought a scroll of magic mapping for 35 gold pieces
  3509 | D:4      | Bought a scroll of teleportation for 30 gold pieces
  3509 | D:4      | Bought a scroll of blinking for 75 gold pieces
  3509 | D:4      | Bought a scroll of identify for 20 gold pieces
  3509 | D:4      | Bought a scroll of identify for 20 gold pieces
  3561 | D:4      | Found Femi's Distillery.
  3594 | D:4      | Found a white marble altar of Elyvilon.
  3637 | D:4      | Reached XP level 6. HP: 58/58 MP: 6/6
  4414 | D:5      | Entered Level 5 of the Dungeon
  4417 | D:5      | Found a glowing golden altar of the Shining One.
  4428 | D:5      | Found a blossoming altar of Fedhas.
  4434 | D:5      | Found a stormy altar of Qazlal.
  4438 | D:5      | Reached * piety under Ashenzari
  4598 | D:5      | Your scales start taking on a fiery red colour.
  4598 | D:5      | Reached XP level 7. HP: 64/64 MP: 7/7
  4598 | D:5      | Gained mutation: Your flesh is heat resistant. (rF+) [Red
                  | Draconian growth]
  4621 | D:5      | Found a staircase to the Ecumenical Temple.
  4631 | Temple   | Entered the Ecumenical Temple
  4712 | D:5      | Reached skill level 7 in Fighting
  4769 | D:5      | Found a shadowy altar of Dithmenos.
  5248 | D:5      | Found a burning altar of Makhleb.
  5550 | D:6      | Reached XP level 8. HP: 73/73 MP: 8/8
  5933 | D:6      | Reached skill level 8 in Fighting
  6399 | D:4      | Bought a potion of cancellation for 88 gold pieces
  6399 | D:4      | Bought a potion of berserk rage for 55 gold pieces
  6478 | D:4      | Bought a scroll of remove curse for 30 gold pieces
  6618 | D:7      | Reached ** piety under Ashenzari
  6688 | D:6      | Reached skill level 1 in Shields
  6749 | D:7      | Reached skill level 5 in Dodging
  6876 | D:7      | Reached XP level 9. HP: 82/82 MP: 9/9
  7130 | D:7      | Found an iron altar of Okawaru.
  7686 | D:8      | Found a sand-covered staircase.
  7694 | Ossuary  | Entered an ossuary
  8089 | D:8      | Reached skill level 9 in Fighting
  8554 | D:8      | Noticed a gargoyle
  8565 | D:8      | Killed a gargoyle
  8565 | D:8      | Reached skill level 10 in Maces & Flails
  8863 | D:8      | Reached XP level 10. HP: 90/91 MP: 10/10
  9405 | D:9      | Noticed Erolcha
  9432 | D:9      | Killed Erolcha
  9545 | D:9      | Reached *** piety under Ashenzari
  9607 | D:9      | Noticed Maurice
  9645 | D:9      | Killed Maurice
  9673 | D:9      | Found a staircase to the Lair.
  9773 | D:9      | Reached skill level 5 in Shields
  9780 | D:9      | Noticed Prince Ribbit
  9792 | D:9      | Killed Prince Ribbit
  9880 | D:9      | Reached skill level 10 in Fighting
  9979 | D:9      | Found a runed translucent gate.
  9979 | D:9      | Found a runed translucent gate.
  9979 | D:9      | Found a runed translucent gate.
  9980 | D:9      | Identified the cursed +0 dagger of Ashenzari's Favour
                  | {venom, Fragile rElec Int+3}
  9981 | D:9      | Noticed RaHiT's ghost (novice DrIE)
 10581 | Lair:1   | Entered Level 1 of the Lair of Beasts
 10665 | Lair:1   | Noticed an oklob plant
 10667 | Lair:1   | Noticed an oklob plant
 10689 | Lair:1   | Reached XP level 11. HP: 100/100 MP: 11/11
 11716 | Lair:1   | Noticed Fannar
 11741 | Lair:1   | Killed Fannar
 12168 | Lair:1   | Noticed Sonja
 12185 | Lair:1   | Killed Sonja
 12185 | Lair:1   | Reached skill level 11 in Fighting
 12356 | Lair:1   | Noticed an oklob plant
 12361 | Lair:1   | Killed an oklob plant
 12400 | Lair:1   | Killed an oklob plant
 12459 | Lair:1   | Killed an oklob plant
 12821 | Lair:2   | Reached XP level 12. HP: 110/110 MP: 12/12
 13321 | Lair:2   | Reached **** piety under Ashenzari
 14375 | Lair:3   | Identified the cursed +0 cloak "Xytotit" {rPois Int+4
                  | Dex+2}
 14657 | Lair:3   | Found a staircase to the Shoals.
 14752 | Lair:4   | Reached skill level 12 in Fighting
 15486 | Lair:4   | Found a hole to the Spider Nest.
 15540 | Lair:4   | Reached ***** piety under Ashenzari
 16143 | Lair:5   | Found a transporter.
 16146 | Lair:5   | Noticed beardedkeet's ghost (journeyman DDFi)
 16147 | Lair:5   | Noticed an alligator
 16244 | Lair:5   | Found a transporter.
 16496 | Lair:6   | Entered Level 6 of the Lair of Beasts
 16498 | Lair:6   | Noticed a four-headed hydra
 16512 | Lair:5   | Reached XP level 13. HP: 119/119 MP: 13/13
 16552 | Lair:6   | Reached skill level 10 in Dodging
 16973 | Lair:6   | Reached skill level 13 in Fighting
 17131 | Lair:6   | Reached skill level 10 in Shields
 18199 | Lair:6   | Found a staircase to the Slime Pits.
 18365 | Lair:6   | Reached skill level 14 in Fighting
 19103 | Lair:6   | Noticed a fire dragon
 19130 | Lair:6   | Killed a fire dragon
 19130 | Lair:6   | Reached XP level 14. HP: 87/132 MP: 14/14
 19640 | Lair:6   | Reached XP level 15. HP: 138/138 MP: 14/19
 19649 | Lair:6   | Learned a level 6 spell: Deflect Missiles
 19649 | Lair:6   | Reached XP level 16. HP: 146/146 MP: 15/20
 19814 | D:10     | Entered Level 10 of the Dungeon
 19977 | D:10     | Found a corrupted altar of Lugonu.
 20123 | D:10     | Reached ****** piety under Ashenzari
 20268 | D:10     | Found a staircase to the Orcish Mines.
 20600 | Orc:1    | Entered Level 1 of the Orcish Mines
 21092 | Orc:1    | Found a roughly hewn altar of Beogh.
 21208 | Orc:2    | Entered Level 2 of the Orcish Mines
 21313 | Orc:2    | Found a staircase to the Elven Halls.
 21389 | Orc:2    | Found Quuwn's Magic Scroll Shoppe.
 21477 | Orc:2    | Found Qaz Ways's Magic Scroll Emporium.
 21629 | Orc:2    | Bought a scroll of blinking for 90 gold pieces
 21642 | Orc:2    | Noticed Urug
 21687 | Orc:2    | Killed Urug
 22106 | Orc:2    | Paralysed by an orc sorcerer for 4 turns
 22108 | Orc:2    | Reached skill level 5 in Air Magic
 22752 | Orc:2    | Noticed Jorgrun
 22760 | Orc:2    | Killed Jorgrun
 22923 | Orc:2    | Reached skill level 5 in Charms
 23019 | Orc:2    | Found Wodghulu's Antique Armour Boutique.
 23019 | Orc:2    | Found Vonaim Vugh's Gadget Shop.
 23020 | Orc:2    | Found a one-way gate leading to the halls of Pandemonium.
 23032 | Orc:2    | Bought a pair of gloves for 103 gold pieces
 25105 | D:12     | Found Teeb's General Store.
 26015 | D:13     | Found a gate leading to a gauntlet.
 26031 | Gauntlet | Entered a Gauntlet
 26031 | Gauntlet | Found a transporter.
 26031 | Gauntlet | Found a transporter.
 26031 | Gauntlet | Found a transporter.
 26036 | Gauntlet | Found a transporter.
 26039 | Gauntlet | Found a transporter.
 26159 | Gauntlet | Found a transporter.
 26183 | Gauntlet | Identified the +4 pair of gloves "Asehucvena" {rC+ rCorr
                  | Slay+3}
 26404 | Gauntlet | Found a transporter.
 26435 | D:13     | Found a gate to the Vaults.
 26484 | D:13     | Reached skill level 15 in Fighting
 26571 | D:13     | Reached skill level 5 in Spellcasting
 26616 | D:13     | Identified the cursed +0 hand axe "Vos Sava" {speed, Dex+5}
 26617 | D:13     | Found a flagged portal.
 26624 | Bailey   | Entered a bailey
 26820 | Bailey   | Identified a scroll of acquirement
 26932 | D:13     | Got the cursed hat of Xelyi {SInv}
 26938 | D:13     | Identified the cursed +3 hat of Xelyi {SInv} (You acquired
                  | it on level 13 of the Dungeon)
 27126 | Orc:2    | Bought a scroll of enchant weapon for 105 gold pieces
 27129 | Orc:2    | Bought a scroll of enchant weapon for 90 gold pieces
 27129 | Orc:2    | Bought a scroll of enchant weapon for 90 gold pieces
 27129 | Orc:2    | Bought a scroll of enchant weapon for 90 gold pieces
 27347 | D:13     | Identified the +5 hand axe of Forgiveness {chop, rPois
                  | Int+3 Dex+4 SInv}
 27622 | D:14     | Reached XP level 17. HP: 140/156 MP: 24/24
 27878 | D:14     | Paralysed by a great orb of eyes for 3 turns
 28012 | D:14     | Learned a level 3 spell: Ozocubu's Armour
 28265 | D:14     | Found Pataerr's Food Shoppe.
 28278 | D:15     | Entered Level 15 of the Dungeon
 28807 | D:15     | Found a staircase to the Depths.
 29232 | Spider:1 | Entered Level 1 of the Spider Nest
 29551 | Spider:1 | Noticed Azrael
 29567 | Spider:1 | Killed Azrael
 31867 | Spider:3 | Reached XP level 18. HP: 166/166 MP: 28/28
 31970 | Spider:3 | Reached skill level 16 in Fighting
 32096 | Spider:3 | Found the +8 longbow "Zephyr" {speed, Dex+3 SInv}
 32713 | Spider:3 | Identified the +1 trident of Moral Flaws {speed, *Noise MR+
                  | Dex+5}
 33118 | Shoals:1 | Entered Level 1 of the Shoals
 33254 | Spider:4 | Entered Level 4 of the Spider Nest
 34668 | Spider:4 | Got a gossamer rune of Zot
 35228 | Shoals:1 | Found Tearaes's Weapon Shoppe.
 35506 | Lair:5   | Killed beardedkeet's ghost
 35519 | Lair:5   | Got the uncursed pair of boots of Objectivity {*Drain rElec
                  | rC++ Stlth+}
 35525 | Lair:5   | Identified the +1 pair of boots of Objectivity {*Drain
                  | rElec rC++ Stlth+} (You found it on level 5 of the Lair of
                  | Beasts)
 36735 | Shoals:2 | Reached skill level 10 in Air Magic
 36996 | Shoals:2 | Reached XP level 19. HP: 144/174 MP: 31/31
 37691 | Shoals:3 | Found a runed translucent door.
 37692 | Shoals:3 | Noticed Ewnyabem's ghost (adept DrWn)
 38010 | Shoals:4 | Entered Level 4 of the Shoals
 38334 | Shoals:4 | Reached skill level 17 in Fighting
 38819 | Shoals:4 | Found Xaestrifi's Distillery.
 39001 | Shoals:4 | Reached skill level 10 in Charms
 39088 | Shoals:4 | Got a barnacled rune of Zot
 39469 | Vaults:1 | Entered Level 1 of the Vaults
 40235 | Vaults:1 | Found Zosoetoit's Distillery.
 40265 | Vaults:1 | Reached skill level 10 in Spellcasting
 40368 | Vaults:1 | Reached XP level 20. HP: 184/184 MP: 32/34
 41407 | Vaults:2 | Found Ylleesom's Armour Emporium.
 41457 | Vaults:2 | Reached skill level 15 in Shields
 41635 | Vaults:2 | Noticed Donald
 41688 | Vaults:2 | Killed Donald
 42695 | Vaults:2 | Found Yxaerch's Jewellery Shop.
 42768 | Vaults:2 | Bought an uncursed ring of protection from magic for 550
                  | gold pieces
 42812 | Vaults:2 | Reached skill level 18 in Fighting
 42869 | Vaults:2 | Reached skill level 15 in Dodging
 43904 | Vaults:3 | Reached XP level 21. HP: 194/194 MP: 36/36
 44101 | Vaults:3 | Noticed Margery
 44350 | Vaults:3 | Killed Margery
 44485 | Vaults:3 | Found a staircase to the Crypt.
 44485 | Vaults:3 | Found a basalt altar of Yredelemnul.
 44485 | Vaults:3 | Found an ancient bone altar of Kikubaaqudgha.
 44832 | Vaults:3 | Noticed Bai Suzhen
 44869 | Vaults:3 | Killed Bai Suzhen
 45720 | Vaults:4 | Noticed a golden dragon
 45755 | Vaults:4 | Killed a golden dragon
 46128 | Vaults:4 | Found a glowing golden altar of the Shining One.
 46232 | Vaults:4 | Identified the ring "Riapir" {rF+ rC- MP+9 Dex+3}
 46281 | Vaults:4 | Reached skill level 1 in Ice Magic
 46389 | Vaults:4 | Learned a level 2 spell: Blink
 46942 | Depths:1 | Entered Level 1 of the Depths
 47062 | Depths:1 | Reached skill level 19 in Fighting
 47115 | Depths:1 | Reached XP level 22. HP: 205/205 MP: 38/38
 47125 | Depths:1 | Found a gateway to Hell.
 47138 | Depths:1 | Reached skill level 1 in Translocations
 48215 | Depths:1 | Identified the +6 quarterstaff "Deniuri" {drain, *Corrode
                  | +Fly rF++}
 48283 | Depths:2 | Noticed a golden dragon
 48316 | Depths:2 | Killed a golden dragon
 48629 | Depths:2 | Found Oliz's Demolitions Depot.
 49031 | Depths:2 | Identified the +3 trident of the Unkillable {elec, rF+++
                  | Int-2 Dex-5 SInv}
 49141 | Depths:2 | Identified the Catalogue of Heat and Earth
 49154 | Depths:2 | Learned a level 8 spell: Ignition
 49211 | Depths:2 | Found a one-way gate to the infinite horrors of the Abyss.
 49398 | Depths:2 | Reached skill level 1 in Fire Magic
 49788 | Depths:3 | Identified the cursed +0 hand axe of Dexzylih {freeze, rF+
                  | rC- Dex+5}
 50793 | Depths:3 | Noticed a caustic shrike
 50793 | Depths:3 | a shadow dragon changed into a caustic shrike
 50801 | Depths:3 | a caustic shrike changed into an acid blob
 50974 | Depths:3 | Identified the +10 short sword of Etwudgh {antimagic, rElec
                  | rC- Int+8}
 50975 | Depths:3 | Identified the ring of Mistrust {Fire MR- Str+3 Dex+3}
 51012 | Depths:3 | Found the +8 demon blade "Bloodbane" {slice, *Rage +Rage
                  | Stlth-}
 51182 | Depths:3 | Reached XP level 23. HP: 207/215 MP: 32/40
 51322 | Depths:3 | Identified the +6 quarterstaff of the People {drain, Str+3}
 51330 | Depths:3 | Found a gateway to a ziggurat.
 51371 | Depths:3 | Found the +9 sword of Zonguldrok {reap}
 51486 | Depths:4 | Reached skill level 5 in Fire Magic
 51948 | Depths:4 | Reached skill level 20 in Fighting
 52635 | Depths:5 | Entered Level 5 of the Depths
 52635 | Depths:5 | Noticed Frederick
 52858 | Depths:5 | Killed Frederick
 53427 | Depths:5 | Found Qithret's Book Shop.
 53429 | Depths:5 | Found Neireesi's Assorted Antiques.
 53429 | Depths:5 | Found Jihohops's Antique Armour Boutique.
 53434 | Depths:5 | Found Lamocriw's Gadget Boutique.
 53631 | Depths:5 | Found a gate to the Realm of Zot.
 54367 | Vaults:5 | Entered Level 5 of the Vaults
 54371 | Vaults:5 | Found Azua's Antique Armour Shoppe.
 54372 | Vaults:5 | Identified the +1 shortbow of Resourcefulness {flame,
                  | Dex+9}
 54372 | Vaults:5 | Identified the cursed +3 flail "Udiliust" {vamp, Int+3}
 54372 | Vaults:5 | Identified the +11 arbalest of Fixation {freeze, MP+9 Str+3
                  | Dex+3}
 55150 | Vaults:5 | Reached XP level 24. HP: 226/226 MP: 41/41
 55240 | Vaults:5 | Identified the +2 war axe "Jaschaony" {venom, Fragile rC+
                  | MR+}
 55590 | Vaults:5 | Reached skill level 21 in Fighting
 56013 | Vaults:5 | Reached skill level 10 in Fire Magic
 56086 | Vaults:5 | Got a silver rune of Zot
 56309 | Vaults:5 | Identified the +7 hand crossbow of Awkezxisk {venom, Str+8
                  | Int+4}
 56892 | Zot:1    | Entered Level 1 of the Realm of Zot
 57092 | Zot:1    | Found a transporter.
 57099 | Zot:1    | Noticed Kaateo's ghost (legendary MiAE)
 57099 | Zot:1    | Noticed a shard shrike
 57105 | Zot:1    | Identified the ring "Omajeasi" {rC+ MR+}
 57113 | Zot:1    | Found a transporter.
 57234 | Zot:1    | Noticed a shard shrike
 57349 | Zot:1    | Identified the +2 pair of gloves of Suemmomn {Str+4}
 57741 | Zot:2    | Reached skill level 15 in Spellcasting
 57961 | Zot:2    | Reached XP level 25. HP: 154/235 MP: 42/42
 58296 | Zot:2    | Found a runed translucent gate.
 58296 | Zot:2    | Found a runed translucent gate.
 58297 | Zot:2    | Found a runed translucent gate.
 58297 | Zot:2    | Found an opulent altar of Gozag.
 58297 | Zot:2    | Found Fuuhot's Assorted Antiques.
 58298 | Zot:2    | Noticed Heom's ghost (legendary GnFi)
 59116 | Zot:3    | Reached skill level 22 in Fighting
 59331 | Zot:3    | Identified the cursed amulet of Heucae {Gourm rF+ Str+2}
                  | (You acquired it on level 3 of the Realm of Zot)
 60608 | Zot:4    | Reached skill level 23 in Fighting
 60640 | Zot:4    | Reduced skill Fire Magic to level 5
 60785 | Zot:4    | Reduced skill Fire Magic to level 1
 61208 | Orc:2    | Bought a scroll of enchant armour for 105 gold pieces
 62162 | Zot:5    | Entered Level 5 of the Realm of Zot
 62468 | Zot:5    | Learned a level 1 spell: Apportation
 62471 | Zot:5    | Learned a level 2 spell: Swiftness
 62722 | Zot:5    | Reached XP level 26. HP: 251/251 MP: 40/42
 63274 | Zot:5    | Noticed an ancient lich
 63306 | Zot:5    | Noticed an orb of fire
 63314 | Zot:5    | Noticed an orb of fire
 63317 | Zot:5    | Gained mutation: You are dopey. (Int -2) [an orb of fire]
 63321 | Zot:5    | Gained mutation: You are occasionally teleported next to
                  | monsters. [an orb of fire]
 63325 | Zot:5    | Lost mutation: You are dopey. (Int -2) [an orb of fire]
 63327 | Zot:5    | Gained mutation: You occasionally shout uncontrollably at
                  | your foes. [an orb of fire]
 63329 | Zot:5    | Gained mutation: Scrolls take you a little longer to read.
                  | [an orb of fire]
 63336 | Zot:5    | Lost mutation: Scrolls take you a little longer to read.
                  | [an orb of fire]
 63341 | Zot:5    | Gained mutation: Scrolls take you a little longer to read.
                  | [an orb of fire]
 63342 | Zot:5    | Killed an orb of fire
 63344 | Zot:5    | Noticed an orb of fire
 63349 | Zot:5    | Gained mutation: You are clumsy. (Dex -2) [an orb of fire]
 63366 | Zot:5    | Gained mutation: You tend to lose your temper in combat.
                  | [an orb of fire]
 63370 | Zot:5    | Killed an orb of fire
 63383 | Zot:5    | Killed an orb of fire
 63412 | Zot:4    | Lost mutation: You occasionally shout uncontrollably at
                  | your foes. [potion of mutation]
 63412 | Zot:4    | Lost mutation: You are clumsy. (Dex -2) [potion of
                  | mutation]
 63412 | Zot:4    | Lost mutation: Scrolls take you a little longer to read.
                  | [potion of mutation]
 63412 | Zot:4    | Gained mutation: You are robust. (+10% HP) [potion of
                  | mutation]
 63412 | Zot:4    | Gained mutation: Your large and strong wings let you fly
                  | indefinitely. [potion of mutation]
 63413 | Zot:4    | Lost mutation: You are occasionally teleported next to
                  | monsters. [potion of mutation]
 63413 | Zot:4    | Lost mutation: You are robust. (+10% HP) [potion of
                  | mutation]
 63413 | Zot:4    | Gained mutation: Your natural rate of healing is unusually
                  | fast. [potion of mutation]
 63413 | Zot:4    | Gained mutation: You are somewhat resistant to further
                  | mutation. [potion of mutation]
 63414 | Zot:4    | Lost mutation: You are somewhat resistant to further
                  | mutation. [potion of mutation]
 63414 | Zot:4    | Lost mutation: You tend to lose your temper in combat.
                  | [potion of mutation]
 63414 | Zot:4    | Lost mutation: Your large and strong wings let you fly
                  | indefinitely. [potion of mutation]
 63414 | Zot:4    | Gained mutation: Scrolls take you a little longer to read.
                  | [potion of mutation]
 63414 | Zot:4    | Gained mutation: You have a pair of small horns on your
                  | head. [potion of mutation]
 63547 | Zot:4    | Lost mutation: Scrolls take you a little longer to read.
                  | [potion of mutation]
 63547 | Zot:4    | Lost mutation: You have a pair of small horns on your head.
                  | [potion of mutation]
 63547 | Zot:4    | Lost mutation: Your natural rate of healing is unusually
                  | fast. [potion of mutation]
 63547 | Zot:4    | Gained mutation: Your flesh is cold resistant. (rC+)
                  | [potion of mutation]
 63547 | Zot:4    | Gained mutation: You are clumsy. (Dex -2) [potion of
                  | mutation]
 63547 | Zot:4    | Gained mutation: Your flesh is very cold resistant. (rC++)
                  | [potion of mutation]
 63547 | Zot:4    | Gained mutation: You are resistant to electric shocks.
                  | (rElec) [potion of mutation]
 63909 | Zot:5    | Killed an ancient lich
 64623 | Zot:5    | Noticed an ancient lich
 64634 | Zot:5    | Noticed an orb of fire
 64655 | Zot:5    | Killed an ancient lich
 64881 | Zot:5    | Noticed an ancient lich
 64882 | Zot:5    | Reached skill level 24 in Fighting
 64927 | Zot:5    | Killed an ancient lich
 64980 | Zot:5    | Noticed an orb of fire
 64992 | Zot:5    | Lost mutation: You are clumsy. (Dex -2) [an orb of fire]
 65007 | Zot:5    | Killed an orb of fire
 66929 | Zot:5    | Reached XP level 27. HP: 264/264 MP: 42/42
 67059 | Zot:5    | Killed an orb of fire
 67937 | Zot:5    | Got the Orb of Zot
 68547 | D:2      | Noticed Puhom the pandemonium lord
 68612 | D:$      | Escaped with the Orb!

Levels and vault maps discovered:
D:1:      dpeg_arrival_circle_labyrinth_a, layout_basic
D:2:      layout_rooms, uniq_crazy_yiuf_cottage, uniq_robin, uniq_terence
D:3:      layout_loops_ring, cheibrodos_ashenzari_chains,
          lemuel_coloured_pillars_altar, minmay_strange_pillars, uniq_ijyb
D:4:      layout_cave_pools, elyvilon_altar_4, nicolae_overflow_crystal_walls,
          serial_shops, shop, shop, corexii_checkpoint_b, solitary_fountain
D:5:      layout_basic, lemuel_crystal_altar, kennysheep_little_box,
          grunt_temple_overflow_forces_of_nature, minmay_temple_entry_arrows,
          basic_altar, first_ration
D:6:      kennysheep_big_flooded_room, layout_basic
D:7:      layout_loops_ring, kennysheep_okawaru_gauntlet
D:8:      wad_lake_hut, layout_basic, lightli_ossuary_entry_decrepit_ruins,
          hangedman_little_slice_of_home
D:9:      layout_irregular_city, lair_entry_dummy,
          gammafunk_ghost_nasty_kobolds, serial_bayou, serial_bayou_lagoon_a,
          serial_bayou_pond_d, serial_bayou_pond_a, serial_bayou_shore_a,
          minmay_misc_feat_columns, kennysheep_kite_vault, uniq_maurice,
          uniq_erolcha, uniq_prince_ribbit1
D:10:     kennysheep_kobold_lugonu_temple, layout_irregular_city
D:11:     layout_roguey, serial_glass, glass_columns_a, glass_columns_c,
          glass_columns_b, glass_columns_a, glass_columns_b
D:12:     layout_loops_corners, serial_shops, nicolae_shop_stone
D:13:     layout_rooms, erik_vaults_2, gauntlet_entry_generic, enter_bailey_2
D:14:     layout_cave_pools, serial_shops, kennysheep_mini,
          minmay_misc_feat_plants, minmay_fountain_box
D:15:     gammafunk_enter_depths_forms, layout_rooms, serial_bayou_ford_a
Temple:   zaba_magenta_temple
Lair:1:   layout_small_grid, lemuel_fruit_fields, lemuel_fruit_fields,
          minmay_lair_oklob_chamber, uniq_fannar, uniq_sonja
Lair:2:   layout_roguey, st_stairs_3, guppyfry_lair_drakes,
          infiniplex_staircase_pool
Lair:3:   layout_long_grid, minmay_shoals_entry_hut
Lair:4:   layout_gridlike, nicolae_spider_entry_non_spiders
Lair:5:   layout_long_grid, gammafunk_ghost_berserking_beasts,
          grunt_megastairs_5, lemuel_fruit_tree
Lair:6:   hangedman_lair_tendril_chambers, layout_layer_cave,
          guppyfry_lair_end_dragon, dpeg_slime_entry_corner
Shoals:1: layout_shoals, nicolae_shoals_c_island
Shoals:2: layout_shoals, nicolae_shoals_circle_sea_wall
Shoals:3: layout_shoals, gammafunk_ghost_grave, nicolae_shoals_wave_tunnel
Shoals:4: shoals_end_grunt_ice, layout_shoals, serial_shops, shop,
          nicolae_shoals_dead_sea_scrolls
Spider:1: layout_spider_delve, nicolae_looking_at_the_future, uniq_azrael
Spider:2: layout_spider_delve
Spider:3: layout_chambers, special_room, zaba_antful_of_joy
Spider:4: grunt_spider_rune_circles, special_room, spiders_nest_spider_trap
Orc:1:    layout_caves, basic_altar
Orc:2:    pf_orc_diabolical, layout_diamond_mine, mines2_lemuel, uniq_urug,
          uniq_jorgrun
Vaults:1: nicolae_vaults_triangles, ontoclasm_vaults_hangar,
          hangedman_vaults_nodes, hangedman_vaults_corner,
          nicolae_vaults_shelves_hall, vaults_dpeg_ring,
          vaults_room_grunt_arrival_checkpoint, ontoclasm_vaults_gateway,
          vaults_room_door_hall, nicolae_vaults_gold_heap,
          layout_vaults_omnicross, serial_shops, shop_statue
Vaults:2: nicolae_vaults_border_crossing, vaults_dpeg_hooks, vaults_mumra_lcd,
          vaults_mumra_minichess, nicolae_vaults_little_squares_6,
          vaults_room_stairs_pillars, nicolae_vaults_little_squares_4,
          nicolae_vaults_network_periphery, grunt_vaults_funnel,
          nicolae_vaults_display_case, layout_vaults_omnigrid, serial_shops,
          nicolae_shop_temple_entry_statues_fountains, shop, uniq_donald
Vaults:3: hangedman_vaults_impose, minmay_crypt_entry_necro_gods,
          ontoclasm_vaults_ring_large, v_misc_19, nicolae_vaults_network_square,
          v_alt_pattern_5, vaults_mumra_hex, hangedman_vaults_maws,
          ontoclasm_vaults_ligature, nicolae_vaults_holding_cells,
          vaults_room_corners, nicolae_vaults_shelves_hall,
          layout_vaults_big_room, uniq_margery, uniq_bai_suzhen
Vaults:4: vaults_room_grid, st_quartered_hall, nicolae_vaults_mini_display_case,
          nicolae_vaults_little_squares_1, v_rooms_1,
          nicolae_vaults_little_squares_2, ontoclasm_vaults_claustrophobia,
          vaults_room_door_ring, nicolae_vaults_specimen_jars, v_rooms_3,
          vaults_room_fancy_cross, v_alt_pattern_4, layout_vaults_omnibox,
          basic_altar
Vaults:5
Depths:1: layout_gridlike, grunt_pan_entry_in_and_out, grunt_hell_horde,
          kennysheep_small_square, firewood_loft
Depths:2: minmay_fractal_lines_corner, layout_cave_pools, abyss_entry,
          hell_entry, minmay_misc_feat_ornament, st_stairs_14,
          minmay_hedge_maze, nrook_loot_triangle,
          hangedman_decor_diamond_cutter, nicolae_blasting_shop, drop_trap,
          minmay_staircase_windowed_large
Depths:3: radiant_caverns_a_rkd, pan_entry, serial_shops, hell_entry
Depths:4: minmay_distorted_concentric_squares, layout_cave_pools,
          abyss_entry_crystal, serial_bayou, serial_bayou_pond_e,
          serial_bayou_crossing, serial_bayou_pond_a, serial_bayou_pond_b,
          serial_bayou_lagoon_b, hell_entry, minmay_misc_feat_diagonals,
          minmay_staircase_statues
Depths:5: grunt_zot_entry_alcove, layout_gridlike, hell_entry, minmay_shoptagon,
          uniq_frederick
Zot:1:    layout_onion_interference, gammafunk_ghost_berserking_beasts
Zot:2:    layout_onion, ebering_ghost_gozag
Zot:3:    layout_onion_interference, grunt_megastairs_3
Zot:4:    layout_misc_corridors
Zot:5:    layout_gridlike

Skill      XL: |  1  2  3  4  5  6  7  8  9 10 11 12 13 14 15 16 17 18 19 20 21 22 23 24 25 26 |
---------------+-------------------------------------------------------------------------------+-----
Dodging        | 1 2 3 4 5 6 7 8 9 11 12 13 14 15 16 17 18 19 20 | 20.9
Maces & Flails | 4 5 6 7 8 10 11 12 13 | 13.2
Fighting       | 6 7 8 9 10 11 12 14 15 16 17 18 19 20 21 23 24 | 24.8
Shields        | 1 4 5 7 9 11 12 13 14 15 16 17 18 19 20 22 | 22.4
Evocations     | 6 |  6.2
Spellcasting   | 2 5 7 8 10 11 12 13 14 15 | 15.0
Charms         | 3 6 7 9 10 11 12 | 12.3
Air Magic      | 3 6 8 10 11 12 | 12.3
Ice Magic      | 2 |  2.5
Translocations | 2 |  2.5
Fire Magic     | 4 7 10 0 |  0.0
Throwing       | |  1.0

Action                   |  1- 3 |  4- 6 |  7- 9 | 10-12 | 13-15 | 16-18 | 19-21 | 22-24 | 25-27 || total
-------------------------+-------+-------+-------+-------+-------+-------+-------+-------+-------++-------
Melee: Mace              |    43 |     4 |       |       |       |       |       |       |       ||    47
       Tailslap          |     3 |     9 |    57 |    96 |    82 |   498 |   637 |   904 |   512 ||  2798
       Morningstar       |       |   126 |   454 |   667 |   383 |   742 |       |       |       ||  2372
       Demon whip        |       |       |       |       |       |  1953 |  2588 |  3354 |  1860 ||  9755
 Fire: Hand crossbow     |    52 |    13 |       |       |       |       |       |       |       ||    65
Throw: Stone             |       |    11 |    12 |     7 |       |     1 |       |       |       ||    31
       Dart              |       |    29 |    13 |   138 |     1 |    67 |       |       |       ||   248
       Boomerang         |       |       |     2 |    37 |    15 |    70 |    36 |    39 |    31 ||   230
       Javelin           |       |       |       |       |     3 |     6 |     7 |       |       ||    16
 Cast: Ozocubu's Armour  |       |       |       |       |       |    10 |    39 |    74 |    43 ||   166
       Deflect Missiles  |       |       |       |       |       |     2 |     8 |    21 |     8 ||    39
       Apportation       |       |       |       |       |       |       |       |       |     1 ||     1
       Blink             |       |       |       |       |       |       |       |       |     4 ||     4
Invok: Curse Item        |       |     2 |     1 |       |     1 |     5 |       |       |     1 ||    10
       Scrying           |       |       |       |       |       |     1 |       |       |     7 ||     8
       Transfer Knowledg |       |       |       |       |       |       |       |       |     2 ||     2
 Abil: Breathe Fire      |       |       |    37 |    80 |    37 |   112 |    47 |    10 |     4 ||   327
       Evoke Flight      |       |       |       |       |       |     9 |    19 |     2 |       ||    30
       Stop Flying       |       |       |       |       |       |     1 |     1 |     1 |       ||     3
Evoke: Wand              |       |       |     6 |     5 |       |     2 |     1 |       |     1 ||    15
       Phial of floods   |       |       |       |       |       |     3 |       |     1 |     2 ||     6
       Lightning rod     |       |       |       |       |       |       |    12 |       |     3 ||    15
       Lamp of fire      |       |       |       |       |       |       |       |       |     2 ||     2
  Use: Scroll            |     4 |     4 |     6 |     6 |     6 |    13 |     4 |     1 |    16 ||    60
       Potion            |       |       |     2 |     2 |     3 |     1 |       |       |    16 ||    24
 Stab: Sleeping          |       |       |       |     4 |     2 |    16 |    11 |     7 |     3 ||    43
       Distracted        |       |       |       |       |     1 |     4 |     2 |     3 |     2 ||    12
  Eat: Chunk             |     1 |    11 |    16 |    31 |    15 |    63 |    50 |    32 |    52 ||   271
       Ration            |       |       |     1 |     3 |       |     6 |       |     5 |     1 ||    16
Armor: Skin              |    18 |    29 |   163 |    80 |    37 |   316 |   216 |   342 |   199 ||  1400
Dodge: Dodged            |    41 |    74 |   188 |   220 |   171 |  1038 |   907 |  1288 |   738 ||  4665
       Deflected         |       |       |       |       |       |     3 |    51 |    97 |    65 ||   216
Block: Shield            |       |       |    85 |   246 |    59 |       |       |       |       ||   390
       Large shield      |       |       |       |       |   223 |  2160 |  1903 |  2100 |  1413 ||  7799
